 Dungeon Crawl Stone Soup version 0.29-a0-541-gaf1fc19f1b (webtiles) character file.

Game seed: 4665385805610095725

27 Nedwor the Twirler (level 2, 26/26 HPs)
             Began as a Minotaur Gladiator on June 2, 2022.
             Quit the game on level 1 of the Dungeon.
             The game lasted 00:00:43 (1320 turns).

Nedwor the Twirler (Minotaur Gladiator)             Turns: 1320, Time: 00:00:43

Health: 26/26      AC:  3    Str: 18    XL:     2   Next: 93%
Magic:  1/1        EV: 12    Int:  5    God:
Gold:   60         SH:  0    Dex: 11    Spells: 1/1 levels left

rFire   . . .      SeeInvis .   a - +0 quarterstaff
rCold   . . .      Faith    .   (shield currently unavailable)
rNeg    . . .      Spirit   .   b - +0 leather armour
rPois   .          Reflect  .   c - +0 hat
rElec   .          Harm     .   (no cloak)
rCorr   .          Rampage  .   (no gloves)
Will    .....                   (no boots)
Stlth   +.........              (no amulet)
HPRegen 0.08/turn               (no ring)
MPRegen 0.07/turn               (no ring)

@: no status effects
A: horns 2, retaliatory headbutt
a: no special abilities


You were on level 1 of the Dungeon.
You visited 1 branch of the dungeon, and saw 1 of its levels.

You collected 60 gold pieces.

Inventory:

Hand Weapons
 a - a +0 quarterstaff (weapon)
Missiles
 d - 3 throwing nets (quivered)
 e - a javelin
Armour
 b - a +0 leather armour (worn)
 c - a +0 hat (worn)
Jewellery
 i - a ring of positive energy
Scrolls
 f - 3 scrolls of identify {unknown}
 h - 3 scrolls of teleportation {unknown}
Potions
 g - 2 potions of attraction {unknown}
 j - a potion of curing {unknown}
 k - a potion of cancellation {unknown}


   Skills:
 + Level 3.1 Fighting
 * Level 4.6 Staves
 - Level 2.0 Throwing
 - Level 3.2 Dodging


You had one spell level left.
You didn't know any spells.
Your spell library was empty.

Dungeon Overview and Level Annotations

Branches:
Dungeon (1/15)

Altars:


Innate Abilities, Weirdness & Mutations

You have a pair of horns on your head.
You reflexively headbutt those who attack you in melee.


Message History

You kill the hobgoblin!
No target in view!
No target in view!
Things that are here:
a +0 dagger; a goblin corpse A kobold comes into view.
It is wielding a +0 short sword.
The kobold shouts!
A kobold is nearby!
A kobold is nearby!
The kobold hits you with a +0 short sword.
A rat comes into view.
You hit the kobold.
The kobold is moderately wounded.
The kobold hits you with a +0 short sword.
You closely miss the kobold. Your headbutt misses the kobold.
The kobold is moderately wounded.
The kobold closely misses you. You furiously retaliate!
You headbutt the kobold!
You kill the kobold!
A rat is nearby!
You see here a +0 short sword.
The rat bites you.
You hit the rat. Your headbutt misses the rat.
The rat is heavily wounded.
The rat closely misses you.
You hit the rat but do no damage.
The rat is heavily wounded.
The rat closely misses you.
You hit the rat.
You kill the rat!
You see here a rat corpse.
There is a shaft here.
You now have 48 gold pieces (gained 8).
There is an escape hatch in the floor here.
You now have 60 gold pieces (gained 12).
There is a stone staircase leading down here.
There is a stone staircase leading down here.
Done exploring.
Done exploring.
Are you sure you want to abandon this character and quit the game? (Confirm with "yes".)

################
#......@.......#
#.####....####.# #.#
#....# #.# ## #.# #....#
#.# .# #.# #....# #.# .#
#.# #....# #.# .# #.#
#....# #.#
.#########.############.#
........................#


There were no monsters in sight!

Vanquished Creatures
  2 dart slugs (D:1)
  2 endoplasms (D:1)
  2 giant cockroaches (D:1)
  A goblin (D:1)
  3 hobgoblins (D:1)
  2 quokkas (D:1)
  2 ball pythons (D:1)
  2 frilled lizards (D:1)
  4 kobolds (D:1)
  2 rats (D:1)
22 creatures vanquished.

Notes
Turn   | Place    | Note
-------+----------+-------------------------------------------
     0 | D:1      | Nedwor the Minotaur Gladiator began the quest for the Orb.
     0 | D:1      | Reached XP level 1. HP: 18/18 MP: 0/0
   138 | D:1      | Reached skill level 4 in Staves
   217 | D:1      | Reached XP level 2. HP: 15/25 MP: 1/1
  1320 | D:1      | Quit the game

Illustrated notes

Levels and vault maps discovered:
D:1:      wheals_arrival_shading, layout_rooms, serial_co_window_serial,
          co_window_paths_a, co_window_cross_1, co_window_corner_a,
          co_window_paths_a, co_window_of_opportunity_a, co_window_paths_a,
          co_window_paths_a, co_window_paths_b, co_window_corner_a,
          co_window_broadway_c, co_window_of_opportunity_c, co_window_paths_c,
          co_window_unsneaky_path_e, co_window_corner_b,
          co_window_unsneaky_path_c, glass_columns_a, minmay_tall_x

Skill      XL: |  1  2 |
---------------+-------+-----
Staves         | 4 |  4.6
Fighting       | 3 |  3.1
Throwing       | |  2.0
Dodging        | |  3.2

Action                   || total
-------------------------++-------
Melee: Quarterstaff      ||    36
       Headbutt          ||     3
Armor: Leather armour    ||     5
Dodge: Dodged            ||    19

Table legend: (Time is in decaauts)
 A = Elapsed time spent in this place.
 B = Non-inter-level travel time spent in this place.
 C = Inter-level travel time spent in this place.
 D = Time resting spent in this place.
 E = Time spent auto-exploring this place.
 F = Levels seen in this place.
 G = Mean time per level.
                   A        B        C        D        E       F      G
               +--------+--------+--------+--------+--------+-----+--------+
         Total |   1323 |   1323 |      0 |      0 |   1208 |   1 | 1323.0 |
       Dungeon |   1323 |   1323 |      0 |      0 |   1208 |   1 | 1323.0 |
               +--------+--------+--------+--------+--------+-----+--------+

Top non-repeatable levels by time:
     D:1: 1323 daAuts
